 Dungeon Crawl Stone Soup version 0.23.0-3-gf3c87f2 (webtiles) character file.

Game seed: 13228692287948004413

4678 SeriousVitamin the Arsonist (level 10, -1/50 HPs)
             Began as a Deep Elf Fire Elementalist on Feb 22, 2019.
             Slain by a wight
             ... wielding a +4 dire flail of freezing
              (19 damage)
             ... on level 8 of the Dungeon.
             The game lasted 00:27:05 (9096 turns).

SeriousVitamin the Arsonist (DEFE)                  Turns: 9096, Time: 00:27:05

Health: -1/50      AC: 10    Str: 11    XL:     10   Next: 21%
Magic:  25/25      EV: 13    Int: 24    God:
Gold:   412        SH:  0    Dex: 18    Spells: 14/27 levels left

rFire    . . .     SeeInvis +   s - +1 hand axe "Tugiwkun" {speed, Str+3 SInv} (curse)
rCold    . . .     Gourm    .   (no shield)
rNeg     . . .     Faith    .   a - +0 robe
rPois    .         Spirit   .   (no helmet)
rElec    .         Reflect  .   m - +2 cloak
rCorr    .         Harm     .   z - +1 pair of gloves {Str+3}
MR       +....                  A - +2 pair of boots
Stlth    ++........             (no amulet)
HPRegen  0.16/turn              e - ring of wizardry
MPRegen  0.19/turn              n - +3 ring of dexterity

@: lightly drained
A: no striking features
a: no special abilities


You were on level 8 of the Dungeon.
You were not hungry.

You visited 2 branches of the dungeon, and saw 9 of its levels.
You also visited: Sewer and Bailey.

You collected 412 gold pieces.

Inventory:

Hand Weapons
 s - the cursed +1 hand axe "Tugiwkun" (weapon) {speed, Str+3 SInv}
   (You found it on level 4 of the Dungeon)

   Attacks with this weapon are significantly faster.
   It affects your strength (+3).
   It lets you see invisible.
   It has a curse placed upon it.
 D - the +2 rapier "Nusmyit" {freeze, *Slow rElec Str+3 Dex+3, unknown}
   (You found it on level 7 of the Dungeon)

   It has been specially enchanted to freeze those struck by it, causing extra
   injury to most foes and up to half again as much damage against particularly
   susceptible opponents.
   It can also slow down cold-blooded creatures.
   It affects your strength (+3).
   It affects your dexterity (+3).
   It insulates you from electricity.
   It may slow you when you take damage.
Armour
 a - a +0 robe (worn)
 m - a +2 cloak (worn)
 z - a +1 pair of gloves of strength (worn)
 A - a +2 pair of boots (worn)
Jewellery
 e - a ring of wizardry (left hand)
 n - a +3 ring of dexterity (right hand)
Wands
 h - a wand of disintegration (32)
 r - a wand of flame (19)
Scrolls
 d - a scroll of fog {unknown}
 f - 2 scrolls of amnesia
 l - 4 scrolls of teleportation
 o - a scroll of enchant weapon {unknown}
 p - a scroll of enchant armour {unknown}
 q - 3 scrolls of remove curse {unknown}
 x - a scroll of random uselessness {unknown}
 y - a scroll of blinking
 B - 2 scrolls of identify
 E - a scroll of fear {unknown}
 F - a scroll of acquirement {unknown}
Potions
 b - a potion of lignification {unknown}
 g - a potion of cancellation
 i - 4 potions of mutation
 j - a potion of flight
 k - a potion of agility {unknown}
 t - 5 potions of heal wounds
 u - 2 potions of ambrosia
 v - 2 potions of brilliance {unknown}
 w - 4 potions of curing
 C - a potion of haste
 G - 6 potions of magic {unknown}
Comestibles
 c - 9 rations
 H - 3 chunks of flesh


   Skills:
 - Level 2.4(2.1) Dodging
 - Level 2.4(2.1) Stealth
 + Level 9.2(8.9) Spellcasting
 * Level 10.3(10.0) Conjurations
 * Level 10.8(10.5) Fire Magic


You had 14 spell levels left.
You knew the following spells:

 Your Spells              Type           Power        Failure   Level  Hunger
a - Flame Tongue          Conj/Fire      #####        1%          1    None
c - Conjure Flame         Conj/Fire      ######..     1%          3    None
e - Sticky Flame          Conj/Fire      ######..     1%          4    ##.....
f - Fireball              Conj/Fire      ######....   1%          5    ####...

Your spell library contained the following spells:

 Spells                   Type           Power        Failure   Level  Hunger
 Throw Flame              Conj/Fire      ######       1%          2    None
 Inner Flame              Hex/Fire       #####...     1%          3    None
 Animate Skeleton         Necr           N/A          2%          1    None
 Apportation              Tloc           ##....       2%          1    None
 Confusing Touch          Hex            ##....       2%          1    None
 Infusion                 Chrm           ##..         2%          1    None
 Summon Small Mammal      Summ           ##..         2%          1    None
 Shroud of Golubria       Chrm/Tloc      ##........   3%          2    None
 Song of Slaying          Chrm           ##......     3%          2    None
 Confuse                  Hex            ##......     8%          3    None
 Gell's Gravitas          Tloc           ##........   8%          3    None
 Regeneration             Chrm/Necr      ##........   8%          3    None
 Spectral Weapon          Hex/Chrm       ##......     8%          3    None
 Petrify                  Tmut/Erth      ##......     24%         4    ##.....
 Metabolic Englaciation   Hex/Ice        ##........   52%         5    ####...
 Yara's Violent Unravell  Hex/Tmut       ##........   52%         5    ####...


Dungeon Overview and Level Annotations

Branches:
Dungeon (8/15)             Temple (1/1) D:7
   Lair: D:8-11

Altars:
Ashenzari
Cheibriados
Dithmenos
Elyvilon
Fedhas
Gozag
Hepliaklqana
Kikubaaqudgha
Makhleb
Nemelex Xobeh
Okawaru
Qazlal
Ru
Sif Muna
Trog
Uskayaw
Wu Jian
Xom
Yredelemnul
Zin
The Shining One


Message History

Aiming: Flame Tongue (safe; 1% risk of failure)
Press: ? - help, Shift-Dir - straight line, f/p - wight
Aim: a wight, wielding a +0 flail and wearing a +0 robe The flame tongue misses the wight.
The wight hits you with a +4 dire flail of freezing!
The wight freezes you. The wight barely misses you.
Casting: Flame Tongue (safe; 1% risk of failure)
Confirm with . or Enter, or press ? or * to list all spells.
Aiming: Flame Tongue (safe; 1% risk of failure)
Press: ? - help, Shift-Dir - straight line, f/p - wight
Aim: a wight, wielding a +0 flail and wearing a +0 robe The flame tongue hits the wight.
The wight is lightly damaged.
The wight hits you with a +4 dire flail of freezing!
The wight freezes you. The wight hits you with a +0 flail!
* * * LOW HITPOINT WARNING * * *
You feel drained.
* * * LOW HITPOINT WARNING * * *
The wight hits you with a +4 dire flail of freezing!!
You die...

#.....#.###...........##..#
##....#...................#
##....†...............##..
##...#.....................
##........##....##..........
#.......z####...#...........
#........# ##z..##..###.....
#####....###z>......##...#..
###....##@........###..###
#...........##....# #.....
##..<.....####....###..(..
#..÷.##..## #...........#
####..#......# ##..##.#.....
##.##........####...####.....
#......####..# #.....##...>..
##.....# #.## #............#
##....# ### ##..#........#


You could see 2 wights.

Vanquished Creatures
  Harold (D:7)
  Pikel (D:5)
  Prince Ribbit (D:7)
  A hippogriff (D:8)
  Sigmund (D:5)
  A hungry ghost (D:7)
  Edmund (D:5)
  An orc warrior (Bailey)
  An ice beast (D:7)
  Purgy (Sewer)
  3 phantoms
  2 ogres
  3 centaurs
  A gnoll sergeant (D:6)
  A bullfrog (D:8)
  A wyvern zombie (D:7)
  3 scorpions
  3 killer bees (D:8)
  4 howler monkeys
  2 crimson imps
  A quasit (D:7)
  2 orc priests
  4 hounds
  A bullfrog skeleton (D:4)
  An orc wizard (D:5)
  3 jellies
  2 iguanas (D:6)
  3 worker ants
  A hound skeleton (D:8)
  A worker ant zombie (D:5)
  7 adders
  38 gnolls
  2 shadow imps (D:5)
  An ooze (D:3)
  5 worms
  2 dart slugs
  10 leopard geckos
  13 orcs
  3 ball pythons
  9 bats
  2 giant cockroaches
  7 goblins
  26 hobgoblins
  9 jackals
  19 kobolds
  4 quokkas
  A ball python zombie (D:5)
  6 frilled lizards
  A quokka skeleton (D:5)
  12 rats
229 creatures vanquished.

Vanquished Creatures (others)
  2 slaves (D:5)
  A worker ant (D:5)
  An orc (D:5)
4 creatures vanquished.

Grand Total: 233 creatures vanquished

Notes
Turn   | Place    | Note
-------+----------+-------------------------------------------
     0 | D:1      | SeriousVitamin the Deep Elf Fire Elementalist began the
                  | quest for the Orb.
     0 | D:1      | Reached XP level 1. HP: 10/10 MP: 6/6
   145 | D:1      | Reached XP level 2. HP: 15/15 MP: 4/8
   514 | D:1      | Reached XP level 3. HP: 19/19 MP: 6/9
  1001 | D:2      | Learned a level 3 spell: Conjure Flame
  1595 | D:2      | Reached XP level 4. HP: 20/24 MP: 5/11
  1651 | D:2      | Found a faded altar of an unknown god.
  2213 | D:3      | Found a hazy altar of Hepliaklqana.
  2814 | D:3      | Reached XP level 5. HP: 28/28 MP: 9/13
  2820 | D:3      | Learned a level 4 spell: Sticky Flame
  3078 | D:4      | Reached skill level 5 in Fire Magic
  3115 | D:4      | Got a jewelled hand axe
  3120 | D:4      | Identified the cursed +1 hand axe "Tugiwkun" {speed, Str+3
                  | SInv} (You found it on level 4 of the Dungeon)
  3336 | D:4      | Reached XP level 6. HP: 32/32 MP: 11/14
  3840 | D:5      | Entered Level 5 of the Dungeon
  3862 | D:5      | Reached skill level 5 in Spellcasting
  3862 | D:5      | Reached skill level 5 in Conjurations
  3978 | D:5      | Learned a level 5 spell: Fireball
  3980 | D:5      | Reached XP level 7. HP: 32/36 MP: 5/16
  4406 | D:5      | Noticed Sigmund
  4407 | D:5      | Noticed Edmund
  4423 | D:5      | Killed Edmund
  4612 | D:5      | Noticed Pikel
  5019 | D:5      | Killed Pikel
  5019 | D:5      | Reached XP level 8. HP: 22/41 MP: 8/19
  5129 | D:5      | Killed Sigmund
  5838 | D:6      | Reached XP level 9. HP: 45/45 MP: 12/22
  5877 | D:6      | Found a shimmering altar of Xom.
  5879 | D:6      | Found an ornate altar of the Wu Jian Council.
  5879 | D:6      | Found a sparkling altar of Nemelex Xobeh.
  5909 | D:6      | Found a glowing drain.
  5953 | Sewer    | Entered a sewer
  5970 | Sewer    | Noticed Purgy
  5973 | Sewer    | Killed Purgy
  6900 | D:7      | Found a staircase to the Ecumenical Temple.
  6919 | Temple   | Entered the Ecumenical Temple
  7015 | D:7      | Noticed Harold
  7039 | D:7      | Killed Harold
  7039 | D:7      | Reached skill level 10 in Fire Magic
  7227 | D:7      | Identified the +1 robe "Qiashoj" {+Blink Dex+6}
  7339 | D:7      | Noticed Prince Ribbit
  7347 | D:7      | Killed Prince Ribbit
  7368 | D:7      | Found a deep blue altar of Sif Muna.
  7710 | D:7      | Got a pitted rapier
  8008 | D:8      | Found a flagged portal.
  8028 | Bailey   | Entered a bailey
  8218 | Bailey   | Reached skill level 10 in Conjurations
  8218 | Bailey   | Reached XP level 10. HP: 50/50 MP: 17/24
  8691 | D:8      | Identified the +2 chain mail of Quantum Leap {rElec rPois
                  | rC-}
  9096 | D:8      | Slain by a wight

Skill      XL: |  1  2  3  4  5  6  7  8  9 10 |
---------------+-------------------------------+-----
Conjurations   | 2 3 4 5 7 8 10 | 10.3
Fire Magic     | 4 5 6 7 8 10 | 10.8
Spellcasting   | 4 5 6 7 8 9 |  9.2
Dodging        | |  2.4
Stealth        | |  2.4

Action                   |  1- 3 |  4- 6 |  7- 9 | 10-12 || total
-------------------------+-------+-------+-------+-------++-------
Melee: Dagger            |     1 |     2 |       |       ||     3
       Unarmed           |     1 |       |       |       ||     1
       Hand axe          |       |       |   181 |    10 ||   191
 Cast: Flame Tongue      |    74 |   133 |   165 |    40 ||   412
       Conjure Flame     |       |     2 |     2 |     1 ||     5
       Fireball          |       |     1 |    13 |     2 ||    16
       Sticky Flame      |       |       |    28 |    17 ||    45
  Use: Scroll            |       |     5 |     5 |       ||    10
       Potion            |       |       |     2 |       ||     2
 Stab: Sleeping          |       |       |     2 |       ||     2
  Eat: Chunk             |     1 |     8 |    13 |     3 ||    25
       Ration            |       |       |     2 |       ||     2
Armor: Robe              |     3 |     9 |    82 |    22 ||   116
Dodge: Dodged            |    28 |    38 |   201 |    48 ||   315
